Map: Dusk Towers

Players

coldcloud

  • Race: Zerg Zerg
  • League: Diamond

FLORENCIO - Winner!

  • Race: Protoss Protoss
  • League: Master

VOD

Have the link to the VOD?

Description

Orcles, Voids, Tempest, mother core

Time

  • Played on: April 19, 2016, 2:06 a.m.
  • Length: 15:36
Show
View Real Time Build Order
Export as new Build Order

coldcloud Zerg 

Build Orders: 3 Hatch before Pool 

Get SALT Encoding   

  12  0:01  Drone  
  13  0:12  Overlord  
  13  0:18  Drone  
  14  0:32  Drone x2  
  14  0:34  Drone  
  17  0:56  Hatchery  
  16  1:02  Drone  
  17  1:22  Hatchery  
  17  1:23  Drone  
  17  1:27  Drone  
  19  1:32  Drone  
  19  1:46  Spawning Pool  
  18  1:49  Extractor  
  17  1:54  Drone x2  
  19  2:02  Drone  
  20  2:10  Drone  
  21  2:22  Drone x2  
  23  2:23  Drone  
  24  2:33  Drone x2  
  24  2:34  Queen  
  24  2:36  Queen  
  30  2:39  Drone  
  30  2:41  Drone  
  32  2:47  Drone x2  
  34  2:54  Pneumatized Carapace  
  34  2:57  Overlord  
  34  3:23  Zergling x8  
  38  3:27  Drone x3  
  38  3:28  Drone  
  42  3:35  Metabolic Boost  
  42  3:38  Hatchery  
  41  3:49  Drone  
  41  3:51  Overlord x2  
  42  4:07  Overlord x2  
  42  4:09  Queen, Spore Crawler  
  43  4:12  Drone x4, Spore Crawler  
  43  4:15  Spore Crawler  
  43  4:16  Drone  
  46  4:19  Drone x2  
  48  4:25  Drone  
  48  4:29  Drone x3  
  48  4:30  Drone  
  53  4:42  Drone  
  53  4:45  Queen  
  56  4:46  Evolution Chamber  
  56  4:48  Baneling Nest  
  56  4:50  Drone x2, Extractor  
  56  4:51  Drone  
  56  4:58  Drone x4  
  60  5:03  Overlord x2  
  60  5:04  Zergling x4  
  60  5:06  Extractor  
  61  5:07  Extractor, Zergling x6  
  61  5:10  Zergling x2  
  61  5:12  Drone x4  
  61  5:13  Drone  
  69  5:16  Zerg Melee Weapons Level 1  
  69  5:21  Drone  
  70  5:27  Drone x3  
  73  5:33  Drone x2  
  73  5:34  Drone  
  76  5:37  Overlord  
  76  5:40  Zergling x2  
  76  5:42  Spore Crawler  
  76  5:43  Zergling x6  
  79  5:52  Zergling x6  
  79  5:55  Drone x2, Extractor x2  
  79  5:56  Drone x2  
  84  5:57  Hatchery  
  83  6:05  Zergling x4  
  83  6:06  Zergling x10  
  90  6:14  Drone x4  
  94  6:20  Queen  
  94  6:21  Queen  
  94  6:24  Spore Crawler  
  94  6:25  Spore Crawler  
  91  6:26  Spore Crawler  
  91  6:27  Spore Crawler  
  91  6:28  Spore Crawler  
  91  6:31  Spore Crawler x2  
  66  6:33  Drone  
  66  6:34  Drone x7  
  66  6:39  Spore Crawler  
  72  6:43  Spore Crawler  
  71  6:47  Drone  
  71  6:48  Drone x3  
  75  6:55  Spawning Pool, Spore Crawler  
  75  7:00  Spore Crawler  
  72  7:03  Spore Crawler  
  72  7:07  Spore Crawler  
  70  7:10  Drone, Spore Crawler  
  70  7:11  Drone  
  70  7:12  Drone  
  70  7:13  Drone  
  70  7:14  Spore Crawler  
  72  7:18  Lair  
  72  7:22  Drone, Spore Crawler  
  72  7:26  Drone  
  72  7:27  Drone  
  72  7:29  Drone x2  
  77  7:37  Drone x6  
  77  7:38  Drone  
  81  7:47  Drone x3  
  81  7:48  Drone  
  81  7:49  Spore Crawler  
  81  7:50  Drone x2  
  87  7:51  Drone  
  87  7:52  Spore Crawler  
  87  7:53  Extractor  
  87  7:56  Extractor  
  84  8:00  Drone x2  
  84  8:02  Drone x2  
  88  8:08  Queen x2  
  92  8:17  Spore Crawler  
  89  8:20  Spore Crawler  
  89  8:22  Spore Crawler  
  84  8:28  Queen  
  78  8:37  Queen  
  76  8:44  Drone, Queen  
  76  8:45  Drone x14  
  93  8:56  Spire  
  92  9:10  Drone x2  
  92  9:11  Drone x2  
  96  9:18  Spore Crawler  
  96  9:19  Spore Crawler  
  94  9:28  Hydralisk Den  
  93  9:40  Hatchery  
  93  9:41  Overlord x3  
  93  9:42  Overlord x3  
  92  9:50  Hatchery  
  81  10:11  Corruptor x7  
  95  10:21  Drone x2  
  95  10:22  Drone x4  
  95  10:23  Drone x10  
  95  10:25  Drone  
  112  10:28  Drone  
  112  10:32  Drone  
  112  10:35  Zerg Flyer Weapons Level 1  
  114  10:37  Corruptor  
  116  10:43  Drone  
  116  10:49  Drone x3  
  121  10:50  Drone x5  
  121  10:52  Drone  
  126  10:57  Spore Crawler  
  126  10:58  Spore Crawler  
  126  10:59  Drone x2  
  126  11:01  Corruptor  
  128  11:08  Drone  
  128  11:09  Drone x6  
  135  11:13  Extractor  
  135  11:15  Extractor  
  135  11:16  Spore Crawler  
  135  11:18  Spore Crawler x2  
  130  11:21  Corruptor  
  132  11:29  Drone  
  132  11:30  Drone  
  132  11:55  Overseer x2, Hatchery  
  131  12:05  Overlord x4  
  131  12:14  Muscular Augments  
  131  12:16  Overlord x2  
  131  12:17  Overlord x2  
  131  12:26  Drone, Corruptor x3  
  131  12:29  Zerg Flyer Armor Level 1  
  126  12:43  Corruptor  
  115  12:49  Corruptor  
  110  12:59  Extractor  
  110  13:00  Drone x3  
  110  13:01  Drone x5  
  117  13:07  Corruptor x2  
  121  13:14  Spore Crawler  
  121  13:16  Spore Crawler  
  121  13:17  Spore Crawler  
  121  13:19  Spore Crawler  
  117  13:20  Hatchery  
  117  13:23  Zergling x12  
  122  13:34  Zergling x2  
  122  13:35  Zergling x4  
  122  13:38  Hatchery  
  122  13:42  Corruptor  
  122  13:43  Corruptor x3  
  122  13:44  Corruptor  
  122  13:47  Zergling x2  
  133  13:54  Zergling x2  
  134  14:02  Corruptor x3  
  138  14:04  Zergling x2  
  138  14:09  Zergling x12  
  147  14:11  Hatchery  
  145  14:22  Hatchery  
  143  14:24  Corruptor x2  
  143  14:25  Corruptor  
  143  14:39  Corruptor x2  
  143  14:42  Corruptor  
Show
View Real Time Build Order
Export as new Build Order

FLORENCIO Protoss - Winner!

Build Orders: 1 Gate Expand 

Get SALT Encoding   

  12  0:01  Probe (Chrono Boost)  
  13  0:12  Probe (Chrono Boost)  
  14  0:22  Pylon  
  14  0:26  Probe (Chrono Boost)  
  15  0:41  Probe (Chrono Boost)  
  16  0:46  Gateway  
  16  0:51  Assimilator, Probe (Chrono Boost)  
  16  0:56  Assimilator  
  17  1:02  Probe (Chrono Boost)  
  18  1:12  Probe (Chrono Boost)  
  19  1:23  Probe (Chrono Boost)  
  20  1:35  Nexus  
  20  1:37  Probe (Chrono Boost)  
  21  1:47  Probe (Chrono Boost)  
  21  1:53  Cybernetics Core  
  22  1:58  Probe (Chrono Boost)  
  23  2:13  Pylon  
  23  2:31  Probe (Chrono Boost), Stalker  
  26  2:42  Mothership Core (Chrono Boost)  
  28  2:48  Probe (Chrono Boost)  
  28  2:50  Assimilator  
  29  2:55  Pylon  
  29  2:59  Probe (Chrono Boost)  
  29  3:00  Probe (Chrono Boost)  
  31  3:09  Probe (Chrono Boost)  
  31  3:11  Probe (Chrono Boost)  
  33  3:16  Assimilator  
  33  3:20  Probe (Chrono Boost)  
  33  3:21  Probe (Chrono Boost)  
  33  3:24  Stargate  
  35  3:27  Stargate  
  35  3:30  Probe (Chrono Boost)  
  35  3:32  Stargate, Probe (Chrono Boost)  
  38  3:41  Probe (Chrono Boost)  
  38  3:42  Probe (Chrono Boost)  
  39  3:52  Probe (Chrono Boost)  
  39  3:53  Probe (Chrono Boost)  
  41  4:04  Pylon  
  41  4:10  Pylon  
  41  4:11  Forge  
  41  4:13  Probe x2 (Chrono Boost)  
  41  4:14  Pylon  
  43  4:21  Oracle  
  43  4:23  Probe (Chrono Boost)  
  47  4:25  Oracle  
  50  4:32  Oracle  
  54  4:38  Probe (Chrono Boost)  
  54  4:39  Probe (Chrono Boost)  
  55  4:49  Photon Cannon  
  55  4:59  Oracle (Chrono Boost)  
  58  5:03  Oracle (Chrono Boost)  
  61  5:08  Photon Cannon  
  61  5:10  Photon Cannon  
  61  5:12  Probe x2 (Chrono Boost)  
  63  5:19  Pylon  
  63  5:20  Oracle (Chrono Boost)  
  66  5:27  Photon Cannon  
  66  5:45  Pylon  
  74  5:52  Void Ray x2 (Chrono Boost)  
  74  5:58  Pylon, Photon Cannon  
  78  6:04  Void Ray (Chrono Boost)  
  78  6:12  Pylon  
  78  6:17  Pylon  
  83  6:41  Void Ray x3 (Chrono Boost)  
  87  7:08  Nexus  
  87  7:13  Pylon  
  87  7:15  Photon Cannon  
  87  7:17  Assimilator  
  87  7:24  Assimilator  
  87  7:32  Photon Cannon  
  87  7:33  Photon Cannon  
  87  7:35  Gateway  
  87  7:36  Photon Cannon x2  
  95  7:49  Void Ray x2 (Chrono Boost)  
  95  7:51  Pylon  
  95  8:06  Void Ray (Chrono Boost)  
  93  8:32  Void Ray (Chrono Boost)  
  81  8:48  Void Ray (Chrono Boost)  
  82  8:58  Photon Cannon, Fleet Beacon  
  86  9:14  Probe  
  83  9:24  Probe  
  80  9:31  Stargate  
  80  9:35  Probe  
  90  10:14  Tempest (Chrono Boost)  
  90  10:19  Tempest (Chrono Boost)  
  90  10:20  Tempest (Chrono Boost)  
  90  10:51  Tempest (Chrono Boost)  
  106  10:59  Tempest (Chrono Boost)  
  106  11:02  Tempest x2 (Chrono Boost)  
  106  11:08  Nexus  
  106  11:09  Pylon  
  106  11:28  Tempest (Chrono Boost)  
  122  11:42  Tempest (Chrono Boost)  
  122  11:45  Tempest x2 (Chrono Boost)  
  114  12:00  Photon Cannon  
  114  12:02  Photon Cannon  
  114  12:04  Pylon  
  114  12:06  Photon Cannon, Tempest (Chrono Boost)  
  130  12:25  Tempest (Chrono Boost)  
  130  12:28  Tempest x2 (Chrono Boost)  
  127  12:43  Tempest (Chrono Boost)  
  127  13:07  Tempest (Chrono Boost)  
  127  13:08  Nexus  
  127  13:11  Tempest (Chrono Boost)  
  127  13:12  Photon Cannon  
  127  13:13  Photon Cannon  
  127  13:22  Probe  
  136  13:27  Void Ray (Chrono Boost)  
  136  13:33  Void Ray (Chrono Boost), Probe  
  141  13:50  Void Ray (Chrono Boost)  
  141  14:12  Void Ray (Chrono Boost)  
  153  14:17  Void Ray x2 (Chrono Boost)  
  153  14:19  Photon Cannon  
  153  14:20  Photon Cannon  
  153  14:21  Probe x2  
  159  14:32  Probe x2  
  159  14:33  Void Ray (Chrono Boost)  
  157  14:42  Probe  
Tags
 
Add a new tag
Caveats
  • Supply blocks, unpowered buildings, or Contaminate may cause inaccurate times.
  • Supply counts are checked every 10 seconds.